 Dungeon Crawl Stone Soup version 0.26-a0-808-g930a2b7adc (webtiles) character file.

Game seed: 17707265634350011165

30 Decritt the Gusty (level 3, -2/19 HPs)
             Began as a Tengu Air Elementalist on Nov 12, 2020.
             Slain by an adder (5 damage)
             ... on level 2 of the Dungeon.
             The game lasted 00:04:59 (1383 turns).

Decritt the Gusty (Tengu Air Elementalist)          Turns: 1383, Time: 00:05:00

Health: -2/19      AC:  4    Str:  5 (8)  XL:     3   Next: 20%
Magic:  5/7        EV: 14    Int: 15 (16) God:
Gold:   138        SH:  0    Dex: 13 (14) Spells: 5/6 levels left

rFire    . . .     SeeInvis .   f - +0 hunting sling
rCold    . . .     Faith    .   (no shield)
rNeg     . . .     Spirit   .   j - +0 leather armour
rPois    .         Reflect  .   (helmet restricted)
rElec    .         Harm     .   a - +0 cloak
rCorr    .         Rampage  .   (no gloves)
MR       .....                  (boots unavailable)
Stlth    ++........             (no amulet)
HPRegen  0.06/turn              (no ring)
MPRegen  0.10/turn              (no ring)

@: lethally poisoned (-2 -> -8), flying quickly and evasively, quick
A: beak, talons 3
a: no special abilities


You were on level 2 of the Dungeon.
You visited 1 branch of the dungeon, and saw 2 of its levels.

You collected 138 gold pieces.

Inventory:

Hand Weapons
 d - a +0 hand axe
 f - a +0 hunting sling (weapon)
Missiles
 g - 20 stones (quivered)
 i - 12 sling bullets
Armour
 a - a +0 cloak (worn)
 j - a +0 leather armour (worn)
Wands
 m - a wand of flame (15)
Scrolls
 b - a scroll of remove curse {unknown}
 c - 2 scrolls of identify {unknown}
 k - 2 scrolls of teleportation {unknown}
 l - a scroll of amnesia {unknown}


   Skills:
 * Level 0.9 Armour
 * Level 2.6 Dodging
 - Level 2.0 Stealth
 + Level 2.3 Spellcasting
 + Level 2.3 Conjurations
 - Level 4.3 Air Magic


You had 5 spell levels left.
You knew the following spells:

 Your Spells              Type           Power        Failure   Level
a - Shock                 Conj/Air       ##..         9%          1

Your spell library contained the following spells:

 Spells                   Type           Power        Failure   Level
 Swiftness                Air            ##......     9%          2
 Static Discharge         Conj/Air       ##......     26%         3
 Airstrike                Air            ##........   50%         4
 Lightning Bolt           Conj/Air       ##........   94%         5


Dungeon Overview and Level Annotations

Branches:
Dungeon (2/15)

Altars:


Innate Abilities, Weirdness & Mutations

You have a beak for a mouth.
You have claws for feet.


Message History

Confirm with . or Enter, or press ? or * to list all spells.
Aiming: Shock (safe; 8% risk of failure)
Press: ? - help, Shift-Dir - straight line, f/p - adder
Aim: an adder (heavily wounded)
The zap hits the adder.
The adder is almost dead.
The adder barely misses you. The adder bites you.
* * * LOW HITPOINT WARNING * * *
Okay, then.
It was a potion of flight.
You feel very buoyant.
You swoop lightly up into the air.
The adder bites you but does no damage.
It was a potion of degeneration.
There was something very wrong with that liquid.
You feel weakened.
You feel dopey.
You feel clumsy.
* * * LOW HITPOINT WARNING * * *
You feel sick. The adder closely misses you.
Unknown command.
The adder bites you.
You die...

.......^..#####
..............#
..............#
...#####......#
...# #......# ...#
#......# . ...#
#......## ... ...#
#.......######.....
...#
#.#..#...@Sw((....(
...#
#.#####..##########
...#####..###...#
..........#..#..#
...####..#......#
#### ##........#
##########


You could see an adder and a dart slug.

Vanquished Creatures
  A dart slug (D:1)
  A leopard gecko (D:1)
  2 giant cockroaches
  3 goblins
  7 hobgoblins
  A quokka (D:2)
  3 bats (D:2)
  A frilled lizard (D:2)
  2 kobolds (D:2)
  3 rats
24 creatures vanquished.

Notes
Turn   | Place    | Note
-------+----------+-------------------------------------------
     0 | D:1      | Decritt the Tengu Air Elementalist began the quest for the
                  | Orb.
     0 | D:1      | Reached XP level 1. HP: 10/10 MP: 4/4
     0 | D:1      | Noticed a human
     0 | D:1      | Noticed an ogre
     0 | D:1      | Noticed a felid
     1 | D:1      | Noticed an octopode
     3 | D:1      | Noticed a vampire
     5 | D:1      | Noticed an octopode
     6 | D:1      | Noticed a vine stalker
     7 | D:1      | Noticed a human
     8 | D:1      | Noticed a ghoul
    10 | D:1      | Noticed a ghoul
    10 | D:1      | Noticed an octopode
    12 | D:1      | Noticed a naga
    13 | D:1      | Noticed a formicid
    14 | D:1      | Noticed an ogre
    14 | D:1      | Noticed a gargoyle
    16 | D:1      | Noticed an octopode
    20 | D:1      | Noticed an ogre
   152 | D:1      | Reached XP level 2. HP: 6/15 MP: 4/6
   962 | D:2      | Found a faded altar of an unknown god.
  1033 | D:2      | Reached XP level 3. HP: 19/19 MP: 7/7
  1383 | D:2      | Slain by an adder

Illustrated notes

Levels and vault maps discovered:
D:1:      shiori_arrival_whats_in_store_for_you, layout_loops_ring
D:2:      layout_basic, chequers_ecumenical_altar_island,
          minmay_misc_feat_square

Skill      XL: |  1  2 |
---------------+-------+-----
Conjurations   | 2 |  2.3
Armour         | |  0.9
Dodging        | |  2.6
Stealth        | |  2.0
Spellcasting   | |  2.3
Air Magic      | |  4.3

Action                   || total
-------------------------++-------
Melee: Hand axe          ||     5
 Fire: Hunting sling     ||    70
 Cast: Shock             ||     6
  Use: Potion            ||     2
 Stab: Sleeping          ||     1
Armor: Robe              ||     1
       Leather armour    ||     9
Dodge: Dodged            ||    24

Table legend: (Time is in decaauts)
 A = Elapsed time spent in this place.
 B = Non-inter-level travel time spent in this place.
 C = Inter-level travel time spent in this place.
 D = Time resting spent in this place.
 E = Time spent auto-exploring this place.
 F = Levels seen in this place.
 G = Mean time per level.
                   A        B        C        D        E       F      G
               +--------+--------+--------+--------+--------+-----+--------+
         Total |   1398 |   1372 |     26 |      0 |   1128 |   2 |  699.0 |
       Dungeon |   1398 |   1372 |     26 |      0 |   1128 |   2 |  699.0 |
               +--------+--------+--------+--------+--------+-----+--------+

Top non-repeatable levels by time:
     D:1: 839 daAuts
     D:2: 559 daAuts
